 Dungeon Crawl Stone Soup version 0.31.0-9-g3a7656b989 (webtiles) character file.

Game seed: 5747890079530418492

565 qw the Shooter (level 7, -1/35 HPs)
             Began as a Spriggan Hunter on Feb 2, 2024.
             Slain by a hobgoblin (2 damage)
             ... led by Robin
             ... on level 4 of the Dungeon.
             The game lasted 00:00:10 (2215 turns).

qw the Shooter (Spriggan Hunter)                    Turns: 2215, Time: 00:00:10

Health: -1/35      AC:  2    Str:  7    XL:     7   Next: 10%
Magic:  8/8        EV: 22    Int: 10    God:
Gold:   180        SH:  0    Dex: 21    Spells: 6/6 levels left

rFire   . . .        a - +1 shortbow (heavy)
rCold   . . .        (shield currently unavailable)
rNeg    . . .        c - +0 robe
rPois   +            (helmet restricted)
rElec   .            (no cloak)
rCorr   .            (gloves unavailable)
SInv    +            (boots unavailable)
Will    +....        f - amulet of the acrobat
Stlth   ++           k - ring of poison resistance
HPRegen 0.25/turn    (no ring)
MPRegen 0.11/turn

%: acrobat
@: very quick
A: very small, no large weapons, unfitting armour, see invisible, speed 3
a: no special abilities


You were on level 4 of the Dungeon.
You visited 1 branch of the dungeon, and saw 4 of its levels.

You collected 216 gold pieces.
You spent 36 gold pieces at shops.


Innate Abilities, Weirdness & Mutations

You are very small and have problems with some larger weapons.
You are too small for most types of armour.
You have supernaturally acute eyesight. (SInv)
You cover ground extremely quickly. (Speed+++)


   Skills:
 - Level 2.0 Fighting
 - Level 7.1 Ranged Weapons
 + Level 6.5 Dodging
 - Level 1.5 Stealth


You had 6 spell levels left.
You didn't know any spells.
Your spell library was empty.

Inventory:

Hand Weapons
 a - a +1 heavy shortbow (weapon)
Armour
 c - a +0 robe (worn)
Jewellery
 f - an amulet of the acrobat (around neck)
 k - a ring of poison resistance (left hand)
Wands
 e - a wand of mindburst (11)
Scrolls
 d - a scroll of noise {unknown}
 g - 2 scrolls of identify
 i - a scroll of enchant armour {unknown}
Potions
 b - a potion of mutation
 h - 2 potions of curing
 j - 2 potions of might {unknown}
 m - 2 potions of ambrosia {unknown}

Dungeon Overview and Level Annotations

Branches:
Dungeon (4/15)
 Temple: D:4-7

Altars:
Trog

Shops:
D:1 !

Annotations:
D:4 Robin


Message History

The goblin no longer looks unusually strong. x2
Robin misses you.
The goblin misses you. x2; The hobgoblin misses you.
The goblin misses you.
You shoot an arrow. The arrow hits the goblin!
You kill the goblin!
The goblin no longer looks unusually strong.
Robin points. "Kill!"
Robin hits you from afar with a +0 spear.
The goblin hits you with a +0 club. The goblin closely misses you.
The bombardier beetle completely misses you.
The hobgoblin completely misses you. The goblin misses you.
Robin barely misses you. The goblin closely misses you.
You shoot an arrow.
The arrow hits the bombardier beetle but does no damage.
Robin closely misses you. The goblin misses you.
The hobgoblin completely misses you. The goblin misses you.
The bombardier beetle completely misses you.
You shoot an arrow. The arrow hits the bombardier beetle!
The bombardier beetle is moderately wounded.
Robin misses you. The goblin misses you. The hobgoblin misses you.
The goblin closely misses you.
The bombardier beetle sprays incendiary fluid at you.
The burning spray misses you.
The burning spray hits the goblin.
The hobgoblin completely misses you. The goblin hits you but does no damage.
Robin hits you from afar with a +0 spear.
The goblin closely misses you.
You shoot an arrow.
The arrow barely misses the bombardier beetle.
The goblin burns!
The goblin dies!
Robin roars a battlecry!
The goblins go into a battle-frenzy!
The goblin misses you. The hobgoblin hits you.
The bombardier beetle misses you. The goblin completely misses you.
Robin barely misses you. The hobgoblin completely misses you.
You shoot an arrow. The arrow hits the bombardier beetle.
The bombardier beetle is severely wounded.
Robin hits you from afar with a +0 spear.
The goblin hits you with a +0 club. The hobgoblin hits you.
You die...

..............
.......)..)...
.............
............ ..........
#.....g.# #######..##
#......B# ...........#
#....g@g# ...........#
#....)))# ...........#
#.......# ...........#
#.......# ...........#
#.......# ...........#
#.......# ...........#
#...)...#########'####
#...................###
#........(..........#..


You could see a bombardier beetle, Robin, a hobgoblin (strong) and a goblin
(strong).

Vanquished Creatures
  Menkaure (D:4)
  An ogre (D:4)
  A jelly (D:4)
  An orc priest (D:3)
  2 iguanas (D:4)
  2 orc wizards (D:3)
  7 gnolls (D:3)
  4 adders
  2 ribbon worms (D:2)
  11 orcs
  A bat (D:1)
  2 endoplasms
  4 giant cockroaches
  16 goblins
  8 hobgoblins
  5 quokkas
  3 ball pythons
  2 frilled lizards
  5 kobolds
  6 rats
  A spectral hobgoblin (D:3)
85 creatures vanquished.

Vanquished Creatures (others)
  A goblin (D:4)
1 creature vanquished.

Grand Total: 86 creatures vanquished

Notes
Turn   | Place    | Note
-------+----------+-------------------------------------------
     0 | D:1      | qw the Spriggan Hunter began the quest for the Orb.
     0 | D:1      | Reached XP level 1. HP: 10/10 MP: 2/2
     0 | D:1      | 0 ||| qw: Version: 0.3-a-155-g5e7d8dd
     0 | D:1      | 0 ||| qw: Game counter: 336
     0 | D:1      | 0 ||| qw: Melee chars always use a shield: true
     0 | D:1      | 0 ||| qw: God list: Okawaru
     0 | D:1      | 0 ||| qw: Allow faded altars: false
     0 | D:1      | 0 ||| qw: Do Orc after clearing Dungeon:15 true
     0 | D:1      | 0 ||| qw: Do second Lair branch before Depths: true
     0 | D:1      | 0 ||| qw: Lair rune preference: random
     0 | D:1      | 0 ||| qw: Goals: Normal
     0 | D:1      | 0 ||| PLANNING D:1-11
    18 | D:1      | Reached skill level 3 in Dodging
    50 | D:1      | Reached XP level 2. HP: 14/14 MP: 3/3
   126 | D:1      | Found Rauwaph's Distillery.
   261 | D:1      | 261 ||| BUYING potion of curing (36 gold).
   261 | D:1      | Bought a potion of curing for 36 gold pieces
   261 | D:1      | 261 ||| SHOPLISTING potion of heal wounds (60 gold, have
                  | 29).
   600 | D:1      | 600 ||| UPGRADING to amulet of the acrobat.
   605 | D:1      | 605 ||| UPGRADING to ring of poison resistance.
   606 | D:1      | 606 ||| READING scroll labelled FOMATTAGEI.
   607 | D:1      | 607 ||| READING scroll labelled HIPLEAXE HOQIZ.
   608 | D:1      | 608 ||| READING scroll labelled WUAKKI RUITWEP.
   608 | D:1      | 608 ||| ENCHANTING +0 shortbow.
   609 | D:1      | 609 ||| READING scroll labelled INERIPS HILIL.
   610 | D:1      | 610 ||| DRINKING 2 emerald potions.
   611 | D:1      | 611 ||| DROPPING scroll of butterflies.
   689 | D:2      | Reached XP level 3. HP: 18/18 MP: 4/4
   852 | D:2      | 852 ||| READING scroll labelled DYOLIO XUUMM.
   852 | D:2      | 852 ||| IDENTIFYING metallic coppery potion
  1061 | D:2      | Reached skill level 5 in Ranged Weapons
  1093 | D:2      | Reached XP level 4. HP: 22/22 MP: 5/5
  1146 | D:2      | 1146 ||| READING scroll labelled TARO RECWUPOVE.
  1146 | D:2      | 1146 ||| BRANDING +1 shortbow.
  1147 | D:2      | 1147 ||| READING scroll labelled PIYRUH WUFYIN.
  1189 | D:2      | 1189 ||| READING scroll labelled POGREI CO EJIR.
  1399 | D:3      | Reached XP level 5. HP: 26/26 MP: 6/6
  1428 | D:3      | HP: 4/26 [gnoll/+0 club (3)]
  1429 | D:3      | 1429 ||| DRINKING potion of heal wounds.
  1498 | D:3      | Found a faded altar of an unknown god.
  1534 | D:3      | Reached skill level 6 in Ranged Weapons
  1597 | D:3      | Found a bloodstained altar of Trog.
  1668 | D:3      | 1668 ||| READING 2 scrolls of identify.
  1668 | D:3      | 1668 ||| IDENTIFYING fizzy black potion
  1669 | D:3      | 1669 ||| READING scroll of identify.
  1669 | D:3      | 1669 ||| IDENTIFYING metallic yellow potion
  1670 | D:3      | 1670 ||| READING scroll labelled JENUHE VUHA.
  1671 | D:3      | 1671 ||| DROPPING potion of berserk rage.
  1672 | D:3      | 1672 ||| DROPPING potion of lignification.
  1736 | D:4      | Reached XP level 6. HP: 30/30 MP: 7/7
  1857 | D:4      | Reached skill level 6 in Dodging
  1988 | D:4      | Noticed Menkaure
  1989 | D:4      | 1989 ||| ZAPPING wand of mindburst (14) at 2,-3 (Menkaure;
                  | floor).
  1990 | D:4      | 1990 ||| ZAPPING wand of mindburst (13) at 1,-2 (Menkaure;
                  | floor).
  1991 | D:4      | 1991 ||| ZAPPING wand of mindburst (12) at 0,-1 (Menkaure;
                  | open_door).
  1991 | D:4      | Killed Menkaure
  2187 | D:4      | Reached skill level 7 in Ranged Weapons
  2187 | D:4      | Reached XP level 7. HP: 35/35 MP: 8/8
  2199 | D:4      | Noticed Robin
  2213 | D:4      | HP: 7/35 [Robin/+0 spear (3)]
  2215 | D:4      | HP: 2/35 [Robin/+0 spear (5)]
  2215 | D:4      | Slain by a hobgoblin

Levels and vault maps discovered:
D:1:      dpeg_arrival_boxorama, layout_basic, serial_shops,
          nicolae_shop_hallway_stairs
D:2:      layout_basic, hangedman_glass_teeth
D:3:      layout_rooms, mainiacjoe_overflow_alcove_4,
          dreamdust_ecumenical_altar_drowned_temple, minmay_fountain_box
D:4:      layout_gridville, serial_shops, nicolae_square_shop,
          minmay_stone_trees_medium, uniq_menkaure, uniq_robin

Skill      XL: |  1  2  3  4  5  6 |
---------------+-------------------+-----
Dodging        | 3 4 5 6 |  6.5
Ranged Weapons | 5 6 7 |  7.1
Fighting       | 2 |  2.0
Stealth        | |  1.5

Action                     |  1- 3 |  4- 6 |  7- 9 || total
---------------------------+-------+-------+-------++-------
   Fire: Shortbow          |   101 |    72 |    21 ||   194
  Evoke: Wand              |       |     3 |       ||     3
    Use: Scroll            |     5 |     6 |       ||    11
         Potion            |     1 |     1 |       ||     2
 Armour: Robe              |     2 |    11 |    25 ||    38
  Dodge: Dodged            |    18 |    29 |    87 ||   134

Table legend:
 A = Non-vault XP
 B = Vault XP
 C = Vault XP percentage of total XP
 D = Non-vault monster count
 E = Vault monster count
 F = Vault count percentage of total count
                 A         B        C        D         E       F
            +---------+---------+-------+---------+---------+-------
      Total |     620 |     188 |  23.3 |      75 |      10 |  11.8
            +---------+---------+-------+---------+---------+-------
        D:1 |      39 |       0 |   0.0 |      23 |       0 |   0.0
        D:2 |      63 |       0 |   0.0 |      14 |       0 |   0.0
        D:3 |     264 |       1 |   0.4 |      27 |       1 |   3.6
        D:4 |     254 |     187 |  42.4 |      11 |       9 |  45.0
            +---------+---------+-------+---------+---------+-------
